 Dungeon Crawl Stone Soup version 0.31-a0-182-gc5ef74bbde (webtiles) character file.

Game seed: 13607577355593772165

79 qw the Shooter (level 4, 0/40 HPs)
             Began as a Naga Hunter on June 20, 2023.
             Shot with a sling bullet by a goblin (3 damage)
             ... on level 3 of the Dungeon.
             The game lasted 00:00:37 (1385 turns).

qw the Shooter (Naga Hunter)                        Turns: 1385, Time: 00:00:38

Health: 0/40       AC:  2    Str: 13    XL:     4   Next: 37%
Magic:  4/4        EV:  9    Int: 10    God:
Gold:   117        SH:  0    Dex: 16    Spells: 3/3 levels left

rFire   . . .        Y - +0 shortbow
rCold   . . .        (shield currently unavailable)
rNeg    . . .        c - +0 leather armour
rPois   +            (no helmet)
rElec   .            (no cloak)
rCorr   .            (no gloves)
SInv    +            (no barding)
Will    .....        (no amulet)
Stlth   ++           (no ring)
HPRegen 0.26/turn    (no ring)
MPRegen 0.09/turn

%: no passive effects
@: short of breath, very slow
A: AC +1, large, see invisible, deformed body, poison resistance, slowness 2,
spit poison 1, naga tail 1
a: Spit Poison


You were on level 3 of the Dungeon.
You visited 1 branch of the dungeon, and saw 3 of its levels.

You collected 117 gold pieces.


Innate Abilities, Weirdness & Mutations

Your serpentine skin is tough. (AC +1)
You have supernaturally acute eyesight. (SInv)
Armour fits poorly on your strangely shaped body.
Your system is resistant to poisons. (rPois)
You cover ground very slowly.
You can spit poison.
You have a snake-like lower body.


   Skills:
 + Level 2.5 Fighting
 - Level 5.0 Ranged Weapons
 - Level 1.5 Dodging
 - Level 1.5 Stealth


You had 3 spell levels left.
You didn't know any spells.
Your spell library was empty.

Inventory:

Hand Weapons
 Y - a +0 shortbow (weapon)
Armour
 c - a +0 leather armour (worn)
 g - a +0 barding
Scrolls
 a - a scroll of identify
Potions
 b - a potion of enlightenment
 d - a potion of mutation {unknown}
 e - a potion of brilliance {unknown}
 f - a potion of degeneration {unknown}

Dungeon Overview and Level Annotations

Branches:
Dungeon (3/15)

Altars:

Annotations:
D:3 3 runed translucent doors, qw's ghost, amateur NaHu


Message History

The goblin shoots a sling bullet.
The sling bullet misses you.
The hobgoblin shoots a sling bullet.
The sling bullet barely misses you.
The goblin shoots a sling bullet.
The sling bullet hits you. The kobold barely misses you.
You shoot an arrow. The arrow barely misses the kobold.
The goblin shoots a sling bullet.
The sling bullet barely misses you.
The goblin shoots a sling bullet.
The sling bullet barely misses you. The kobold hits you but does no damage.
You shoot an arrow. The arrow hits the kobold!
You kill the kobold!
The goblin shoots a sling bullet.
The sling bullet hits you.
The hobgoblin shoots a sling bullet.
The sling bullet hits you but does no damage.
The goblin shoots a sling bullet.
The sling bullet hits you.
The goblin shoots a sling bullet.
The sling bullet hits you but does no damage.
The goblin shoots a sling bullet.
The sling bullet hits you.
The goblin shoots a sling bullet.
The sling bullet barely misses you.
The hobgoblin shoots a sling bullet.
The sling bullet hits you.
You shoot an arrow. The arrow barely misses the goblin.
The arrow hits the goblin.
You kill the goblin!
You have got your breath back.
The goblin shoots a sling bullet.
The sling bullet hits you.
The hobgoblin shoots a sling bullet.
The sling bullet closely misses you.
The goblin shoots a sling bullet.
The sling bullet barely misses you.
1383 ||| INVOKING Spit Poison.
Aiming: Spit Poison (1% risk of failure)
Press: ? - help, Shift-Dir - straight line, f/p - goblin The splash of poison hits the goblin.
The goblin is poisoned.
You kill the goblin!
The goblin shoots a sling bullet.
The sling bullet hits you.
You shoot an arrow. The arrow closely misses the hobgoblin.
The hobgoblin unwields a +0 sling.
The hobgoblin hits you. The frilled lizard bites you.
You shoot an arrow. The arrow closely misses the goblin.
The frilled lizard barely misses you.
The goblin unwields a +0 sling.
The goblin hits you.
The goblin shoots a sling bullet.
The sling bullet hits you.
You die...

..........[
............
...........
..........## ..
.....).....#$.#
......)....#.#
......gglg..$# #.$
........@...###..#.
.......)............
............#.......
$...........#.....#
..............)#.#
#..........#.....#
......##........#
..#..# #####....#
..#..#####......#####


You could see a hobgoblin, 2 goblins and a frilled lizard.

Vanquished Creatures
  2 adders
  A worm (D:2)
  2 dart slugs (D:2)
  4 bats
  3 endoplasms
  5 giant cockroaches
  8 goblins
  3 hobgoblins
  9 kobolds
  3 quokkas
  4 ball pythons
  A frilled lizard (D:1)
  6 rats
51 creatures vanquished.

Notes
Turn   | Place    | Note
-------+----------+-------------------------------------------
     0 | D:1      | qw the Naga Hunter began the quest for the Orb.
     0 | D:1      | Reached XP level 1. HP: 19/19 MP: 1/1
     0 | D:1      | 0 ||| qw: Version: 0.3-a-9-g12657ce
     0 | D:1      | 0 ||| qw: Game counter: 1232
     0 | D:1      | 0 ||| qw: Always use a shield: true
     0 | D:1      | 0 ||| qw: God list: Okawaru
     0 | D:1      | 0 ||| qw: Allow faded altars: false
     0 | D:1      | 0 ||| qw: Do Orc after D:15 true
     0 | D:1      | 0 ||| qw: Do second Lair branch before Depths: true
     0 | D:1      | 0 ||| qw: Lair rune preference: random
     0 | D:1      | 0 ||| qw: Plans: Normal
     0 | D:1      | 0 ||| PLANNING D:1-11
    44 | D:1      | 44 ||| INVOKING Spit Poison.
    47 | D:1      | 47 ||| INVOKING Spit Poison.
    51 | D:1      | 51 ||| INVOKING Spit Poison.
    75 | D:1      | 75 ||| INVOKING Spit Poison.
    78 | D:1      | 78 ||| INVOKING Spit Poison.
    83 | D:1      | 83 ||| INVOKING Spit Poison.
    98 | D:1      | 98 ||| INVOKING Spit Poison.
    99 | D:1      | Reached skill level 4 in Ranged Weapons
    99 | D:1      | Reached XP level 2. HP: 26/26 MP: 2/2
   103 | D:1      | 103 ||| INVOKING Spit Poison.
   130 | D:1      | 130 ||| INVOKING Spit Poison.
   131 | D:1      | 131 ||| INVOKING Spit Poison.
   164 | D:1      | You fall into a shaft and drop 1 floor!
   167 | D:2      | 167 ||| INVOKING Spit Poison.
   175 | D:2      | 175 ||| INVOKING Spit Poison.
   181 | D:2      | 181 ||| INVOKING Spit Poison.
   191 | D:2      | 191 ||| INVOKING Spit Poison.
   214 | D:2      | 214 ||| INVOKING Spit Poison.
   220 | D:2      | 220 ||| INVOKING Spit Poison.
   221 | D:2      | 221 ||| INVOKING Spit Poison.
   229 | D:2      | 229 ||| INVOKING Spit Poison.
   263 | D:2      | 263 ||| READING 2 scrolls labelled OXUXIRGH VOTOPP.
   264 | D:2      | 264 ||| DROPPING scroll of butterflies.
   268 | D:2      | 268 ||| FLEEEEING.
   269 | D:2      | 269 ||| FLEEEEING.
   270 | D:2      | 270 ||| FLEEEEING.
   271 | D:2      | 271 ||| STAIRDANCE
   273 | D:1      | 273 ||| INVOKING Spit Poison.
   275 | D:1      | Reached XP level 3. HP: 32/32 MP: 3/3
   284 | D:1      | 284 ||| INVOKING Spit Poison.
   297 | D:1      | 297 ||| INVOKING Spit Poison.
   340 | D:1      | 340 ||| INVOKING Spit Poison.
   384 | D:1      | 384 ||| INVOKING Spit Poison.
   454 | D:1      | 454 ||| INVOKING Spit Poison.
   467 | D:1      | 467 ||| INVOKING Spit Poison.
   656 | D:1      | 656 ||| INVOKING Spit Poison.
   795 | D:1      | 795 ||| READING scroll labelled DEONIA COFEH.
   796 | D:1      | 796 ||| READING scroll labelled XIAVUNU ASIPUB.
   797 | D:1      | 797 ||| READING 2 scrolls of identify.
   797 | D:1      | 797 ||| IDENTIFYING inky potion
   848 | D:2      | 848 ||| INVOKING Spit Poison.
   854 | D:2      | 854 ||| INVOKING Spit Poison.
   911 | D:2      | 911 ||| INVOKING Spit Poison.
   944 | D:2      | 944 ||| INVOKING Spit Poison.
  1010 | D:2      | 1010 ||| INVOKING Spit Poison.
  1017 | D:2      | 1017 ||| INVOKING Spit Poison.
  1022 | D:2      | 1022 ||| INVOKING Spit Poison.
  1104 | D:2      | 1104 ||| FLEEEEING.
  1105 | D:2      | 1105 ||| FLEEEEING.
  1106 | D:2      | 1106 ||| FLEEEEING.
  1107 | D:2      | 1107 ||| FLEEEEING.
  1108 | D:2      | 1108 ||| FLEEEEING.
  1111 | D:2      | 1111 ||| INVOKING Spit Poison.
  1143 | D:2      | 1143 ||| INVOKING Spit Poison.
  1149 | D:2      | Reached skill level 5 in Ranged Weapons
  1149 | D:2      | Reached XP level 4. HP: 39/39 MP: 4/4
  1149 | D:2      | 1149 ||| INVOKING Spit Poison.
  1172 | D:2      | 1172 ||| INVOKING Spit Poison.
  1307 | D:3      | Noticed qw's ghost (amateur NaHu)
  1307 | D:3      | Found a runed translucent gate.
  1307 | D:3      | Found a runed translucent gate.
  1308 | D:3      | Found a runed translucent gate.
  1308 | D:3      | Noticed a kobold brigand
  1358 | D:3      | 1358 ||| INVOKING Spit Poison.
  1362 | D:3      | 1362 ||| INVOKING Spit Poison.
  1373 | D:3      | 1373 ||| INVOKING Spit Poison.
  1378 | D:3      | 1378 ||| INVOKING Spit Poison.
  1381 | D:3      | HP: 10/40 [hobgoblin/sling bullet (4)]
  1383 | D:3      | 1383 ||| INVOKING Spit Poison.
  1384 | D:3      | HP: 4/40 [hobgoblin (3)]
  1385 | D:3      | Shot with a sling bullet by a goblin

Levels and vault maps discovered:
D:1:      dpeg_arrival_round_b, layout_loops_ring, minmay_pentomino_r4
D:2:      layout_basic, hangedman_decor_growths
D:3:      minmay_goblin_kobold_castle, layout_rooms,
          gammafunk_ghost_nasty_kobolds, uniq_robin, uniq_crazy_yiuf_cottage

Skill      XL: |  1  2  3 |
---------------+----------+-----
Ranged Weapons | 4 5 |  5.0
Fighting       | |  2.5
Dodging        | |  1.5
Stealth        | |  1.5

Action                     |  1- 3 |  4- 6 || total
---------------------------+-------+-------++-------
   Fire: Shortbow          |    82 |    17 ||    99
Ability: Spit Poison       |    33 |     7 ||    40
    Use: Scroll            |     4 |       ||     4
 Armour: Leather armour    |     6 |     3 ||     9
  Dodge: Dodged            |    15 |    24 ||    39

Table legend:
 A = Non-vault XP
 B = Vault XP
 C = Vault XP percentage of total XP
 D = Non-vault monster count
 E = Vault monster count
 F = Vault count percentage of total count
                 A         B        C        D         E       F
            +---------+---------+-------+---------+---------+-------
      Total |     105 |       8 |   7.1 |      46 |       5 |   9.8
            +---------+---------+-------+---------+---------+-------
        D:1 |      27 |       4 |  12.9 |      19 |       3 |  13.6
        D:2 |      57 |       0 |   0.0 |      22 |       0 |   0.0
        D:3 |      21 |       4 |  16.0 |       5 |       2 |  28.6
            +---------+---------+-------+---------+---------+-------
